 Dungeon Crawl Stone Soup version 0.31.0-11-ge490571c62 (webtiles) character file.

Game seed: 15229525537480531981

378 qw the Skirmisher (level 6, 0/35 HPs)
             Began as a Deep Elf Hunter on Feb 4, 2024.
             Was an Initiate of Okawaru.
             Shot with an arrow by a centaur (11 damage)
             ... on level 5 of the Dungeon.
             The game lasted 00:00:14 (3659 turns).

qw the Skirmisher (Deep Elf Hunter)                 Turns: 3659, Time: 00:00:15

Health: 0/35       AC:  7    Str: 10    XL:     6   Next: 45%
Magic:  8/8        EV: 11    Int: 14    God:    Okawaru [......]
Gold:   152        SH:  0    Dex: 18    Spells: 5/5 levels left

rFire   . . .        h - +4 orcbow (freeze)
rCold   . . .        (shield currently unavailable)
rNeg    . . .        f - +0 ring mail
rPois   .            g - +0 helmet
rElec   .            (no cloak)
rCorr   .            m - +0 pair of gloves
SInv    .            (no boots)
Will    .....        c - amulet of faith
Stlth   +            (no ring)
HPRegen 0.25/turn    (no ring)
MPRegen 0.11/turn

%: faith
@: no status effects
A: no striking features
a: Renounce Religion


You were on level 5 of the Dungeon.
You worshipped Okawaru.
Okawaru was noncommittal.
You visited 2 branches of the dungeon, and saw 6 of its levels.

You collected 152 gold pieces.


   Skills:
 - Level 2.0 Fighting
 + Level 9.8 Ranged Weapons
 - Level 1.1 Armour
 - Level 2.4 Dodging
 - Level 1.2 Stealth


You had 5 spell levels left.
You didn't know any spells.
Your spell library was empty.

Inventory:

Hand Weapons
 h - a +4 orcbow of freezing (weapon)
Armour
 f - a +0 ring mail (worn)
 g - a +0 helmet (worn)
 m - a +0 pair of gloves (worn)
Jewellery
 c - an amulet of faith (around neck)
Wands
 a - a wand of paralysis (6)
 i - a wand of flame (1)
Scrolls
 b - 2 scrolls of teleportation
Potions
 d - a potion of might
 e - a potion of degeneration {unknown}
 j - a potion of curing {unknown}

Dungeon Overview and Level Annotations

Branches:
Dungeon (5/15)             Temple (1/1) D:4

Altars:
Ashenzari
Cheibriados
Elyvilon
Fedhas
Makhleb
Nemelex Xobeh
Okawaru
Qazlal
Ru
Sif Muna
Trog
Vehumet
Wu Jian
Yredelemnul
Zin


Message History

You enter the shallow water.
Moving in this stuff is going to be slow.
You enter the shallow water.
Moving in this stuff is going to be slow.
You enter the shallow water.
Moving in this stuff is going to be slow.
As you open the door, it creaks loudly!
There is an open door here.
You enter the shallow water.
Moving in this stuff is going to be slow.
Done exploring.
Enter note:
Enter note: Done exploring.
What level of the Dungeon? (default 4, ? - help)
There is a large open door here.
There is an open door here.
There is a stone staircase leading down here.
You climb downwards.
Found 3 stones and 14 gold pieces.
There is a stone staircase leading up here.
A quokka is nearby!
Waypoint 5 assigned to D:5.
You shoot an arrow. The arrow hits the quokka.
The arrow freezes the quokka.
The quokka is moderately wounded.
The quokka bites you but does no damage.
You shoot an arrow. The arrow hits the quokka!
The arrow freezes the quokka.
You kill the quokka!
Okawaru accepts your kill.
Found a stone staircase leading down.
A centaur comes into view.
The centaur shouts!
The centaur wields a +0 orcbow.
The centaur shoots an arrow.
The arrow hits you!
You shoot an arrow. The arrow hits the centaur.
The arrow freezes the centaur.
The centaur is moderately wounded.
The centaur shoots an arrow.
The arrow hits you!
You shoot an arrow. The arrow hits the centaur.
The arrow freezes the centaur.
The centaur is heavily wounded.
The centaur shoots an arrow.
The arrow hits you!
You die...

#.#..... ......
...#...###......
#####.#..##......
....##........#
.....#.....<.#
.>..#.......##
...........##
..#........#
###@.....#
#........(#
....$.....#...
...##.#.....#....
.. ####.......##
#........
#....... .#.c..#


You could see a centaur.

Vanquished Creatures
  A crimson imp (D:4)
  2 bombardier beetles (D:4)
  Ijyb (D:4)
  An iguana (D:4)
  Robin (D:4)
  4 gnolls (D:4)
  6 adders
  A dart slug (D:2)
  A ribbon worm (D:3)
  3 orcs
  7 bats
  5 endoplasms
  4 giant cockroaches
  24 goblins
  11 hobgoblins
  4 jackals (D:2)
  5 quokkas
  8 ball pythons
  8 frilled lizards
  10 kobolds
  14 rats
121 creatures vanquished.

Notes
Turn   | Place    | Note
-------+----------+-------------------------------------------
     0 | D:1      | qw the Deep Elf Hunter began the quest for the Orb.
     0 | D:1      | Reached XP level 1. HP: 12/12 MP: 3/3
     0 | D:1      | 0 ||| qw: Version: 0.3-a-160-g6735b56
     0 | D:1      | 0 ||| qw: Game counter: 4941
     0 | D:1      | 0 ||| qw: Melee chars always use a shield: true
     0 | D:1      | 0 ||| qw: God list: Okawaru
     0 | D:1      | 0 ||| qw: Allow faded altars: false
     0 | D:1      | 0 ||| qw: Do Orc after clearing Dungeon:15 true
     0 | D:1      | 0 ||| qw: Do second Lair branch before Depths: true
     0 | D:1      | 0 ||| qw: Lair rune preference: random
     0 | D:1      | 0 ||| qw: Goals: Normal
     0 | D:1      | 0 ||| PLANNING D:1-11
    62 | D:1      | Reached XP level 2. HP: 16/16 MP: 4/4
    74 | D:1      | Reached skill level 6 in Ranged Weapons
   543 | D:1      | Reached XP level 3. HP: 20/20 MP: 5/5
   886 | D:1      | 886 ||| UPGRADING to +0 ring mail.
   896 | D:1      | 896 ||| DROPPING +0 leather armour.
   897 | D:1      | 897 ||| UPGRADING to +0 helmet.
   902 | D:1      | 902 ||| READING scroll labelled FAICEOTUEREI.
   905 | D:1      | 905 ||| READING 2 scrolls labelled RUENAFE TYOFOH.
   906 | D:1      | 906 ||| READING scroll labelled OTIEPR IDAY.
   906 | D:1      | 906 ||| ENCHANTING +0 shortbow.
   907 | D:1      | 907 ||| DROPPING scroll of butterflies.
   908 | D:1      | 908 ||| DROPPING scroll of revelation.
   924 | D:2      | 924 ||| STAIRDANCE
  1074 | D:2      | Reached skill level 7 in Ranged Weapons
  1164 | D:2      | Found a blossoming altar of Fedhas.
  1335 | D:2      | Reached XP level 4. HP: 16/25 MP: 6/6
  1710 | D:3      | Reached skill level 8 in Ranged Weapons
  1918 | D:3      | 1918 ||| READING scroll of enchant weapon.
  1918 | D:3      | 1918 ||| ENCHANTING +1 shortbow.
  2058 | D:3      | Found a stormy altar of Qazlal.
  2211 | D:3      | 2211 ||| DROPPING scarf of shadows.
  2212 | D:3      | 2212 ||| UPGRADING to +0 pair of gloves.
  2217 | D:3      | 2217 ||| READING scroll labelled DADEOG TYAX.
  2218 | D:3      | 2218 ||| READING scroll labelled LOMMOA POLE.
  2219 | D:3      | 2219 ||| READING scroll labelled ADUTIMIEDI.
  2219 | D:3      | Identified a scroll of acquirement
  2219 | D:3      | 2219 ||| ACQUIRING +4 orcbow of freezing
  2219 | D:3      | Acquired a +4 orcbow of freezing
  2221 | D:3      | 2221 ||| SWAPPING to +4 orcbow of freezing.
  2222 | D:3      | 2222 ||| DROPPING +2 shortbow.
  2223 | D:3      | 2223 ||| READING 2 scrolls labelled GEEZXAY BAMIFE.
  2223 | D:3      | 2223 ||| IDENTIFYING murky grey potion
  2224 | D:3      | 2224 ||| READING scroll of identify.
  2224 | D:3      | 2224 ||| IDENTIFYING dark potion
  2225 | D:3      | 2225 ||| READING 3 scrolls labelled INWIOL AREREW.
  2226 | D:3      | 2226 ||| READING scroll labelled WOATOU FOHA FELE.
  2227 | D:3      | 2227 ||| READING scroll labelled FEMMU ZEFOL.
  2328 | D:3      | 2328 ||| READING scroll labelled RUIGACE CIMMI.
  2329 | D:3      | 2329 ||| DROPPING potion of brilliance.
  2330 | D:3      | 2330 ||| DROPPING 2 scrolls of noise.
  2381 | D:4      | Noticed Ijyb
  2389 | D:4      | Killed Ijyb
  2390 | D:4      | Reached XP level 5. HP: 23/29 MP: 7/7
  2390 | D:4      | 2390 ||| FLEEEEING.
  2391 | D:4      | 2391 ||| FLEEEEING.
  2392 | D:4      | 2392 ||| FLEEEEING.
  2393 | D:4      | 2393 ||| FLEEEEING.
  2394 | D:4      | 2394 ||| FLEEEEING.
  2395 | D:4      | 2395 ||| FLEEEEING.
  2396 | D:4      | 2396 ||| FLEEEEING.
  2397 | D:4      | 2397 ||| FLEEEEING.
  2398 | D:4      | 2398 ||| FLEEEEING.
  2399 | D:4      | 2399 ||| FLEEEEING.
  2400 | D:4      | 2400 ||| FLEEEEING.
  2401 | D:4      | 2401 ||| FLEEEEING.
  2402 | D:4      | 2402 ||| FLEEEEING.
  2510 | D:4      | Found a blossoming altar of Fedhas.
  2511 | D:4      | Found a white marble altar of Elyvilon.
  2512 | D:4      | Found a sparkling altar of Nemelex Xobeh.
  2513 | D:4      | Found a basalt altar of Yredelemnul.
  2549 | D:4      | Noticed Robin
  2552 | D:4      | Reached skill level 9 in Ranged Weapons
  2562 | D:4      | Killed Robin
  2651 | D:4      | Reached skill level 1 in Armour
  2759 | D:4      | Reached XP level 6. HP: 35/35 MP: 8/8
  2907 | D:4      | Found a staircase to the Ecumenical Temple.
  2908 | D:4      | 2908 ||| PLANNING TEMPLE
  2908 | D:4      | 2908 ||| UPGRADING to amulet of faith.
  2920 | Temple   | Entered the Ecumenical Temple
  2921 | Temple   | 2921 ||| PLANNING OKAWARU WORSHIP
  2925 | Temple   | Became a worshipper of Warmaster Okawaru
  2926 | Temple   | 2926 ||| PLANNING D:1-11
  3267 | D:4      | Found a radiant altar of Vehumet.
  3267 | D:4      | Found a burning altar of Makhleb.
  3651 | D:5      | Entered Level 5 of the Dungeon
  3659 | D:5      | Shot with an arrow by a centaur

Levels and vault maps discovered:
D:1:      scummos_arrival_star, layout_loops_corners, hex_medium, minmay_vboxes
D:2:      minmay_alternating_diamond, layout_rooms, basic_altar,
          minmay_goblin_outpost
D:3:      layout_loops_ring, grunt_qazlal_clouds, amcnicky_mini_pool_small,
          grunt_decor_arrowhead, minmay_fountain_box
D:4:      wad_lake_hut, layout_basic,
          grunt_temple_overflow_lords_of_destruction,
          mainiacjoe_overflow_alcove_3, minmay_temple_entry_statues_pillars,
          uniq_robin, uniq_ijyb
D:5:      layout_cave_pools, nicolae_hepliaklqana_ecumenical_no_more,
          lemuel_tele_altar, nicolae_uskayaw_suspiria
Temple:   hellmonk_temple_micro_hex

Skill      XL: |  1  2  3  4  5 |
---------------+----------------+-----
Ranged Weapons | 6 7 8 9 |  9.8
Fighting       | 2 |  2.0
Armour         | 1 |  1.1
Dodging        | |  2.4
Stealth        | |  1.2

Action                     |  1- 3 |  4- 6 || total
---------------------------+-------+-------++-------
   Fire: Shortbow          |   147 |    62 ||   209
         Orcbow            |       |    72 ||    72
    Use: Scroll            |     3 |    10 ||    13
 Armour: Leather armour    |    18 |       ||    18
         Ring mail         |    16 |    32 ||    48
  Dodge: Dodged            |    50 |    36 ||    86

Table legend:
 A = Non-vault XP
 B = Vault XP
 C = Vault XP percentage of total XP
 D = Non-vault monster count
 E = Vault monster count
 F = Vault count percentage of total count
                 A         B        C        D         E       F
            +---------+---------+-------+---------+---------+-------
      Total |     391 |     150 |  27.7 |      90 |      31 |  25.6
            +---------+---------+-------+---------+---------+-------
        D:1 |      46 |       6 |  11.5 |      30 |       5 |  14.3
        D:2 |      44 |      23 |  34.3 |      21 |      12 |  36.4
        D:3 |      68 |       0 |   0.0 |      18 |       0 |   0.0
        D:4 |     231 |     121 |  34.4 |      20 |      14 |  41.2
        D:5 |       2 |       0 |   0.0 |       1 |       0 |   0.0
            +---------+---------+-------+---------+---------+-------
